 Dungeon Crawl Stone Soup version 0.31-a0-174-g85c54bcb58 (webtiles) character file.

Game seed: 4142170955975947675

136640 rabbitsville the Warrior (level 17, -1/135 HPs)
             Began as a Formicid Hunter on June 15, 2023.
             Was the Champion of Hepliaklqana.
             Slain by a demonic crawler (9 damage)
             ... on level 2 of the Spider Nest on June 16, 2023.
             The game lasted 02:22:09 (23508 turns).

rabbitsville the Warrior (Formicid Hunter)         Turns: 23508, Time: 02:22:10

Health: -1/135     AC:  8    Str: 15    XL:     17   Next: 81%
Magic:  20/22      EV: 14    Int: 12    God:    Hepliaklqana [******]
Gold:   1551       SH: 15    Dex: 28    Spells: 16/16 levels left

rFire   x x .        a - +4 arbalest (drain)
rCold   + + +        C - +0 kite shield {rC+}
rNeg    + . .        H - +1 ice dragon scales
rPois   +            (helmet unavailable)
rElec   .            (no cloak)
rCorr   .            X - +3 pair of gauntlets of War {Slay+5}
SInv    +            i - +1 pair of boots
Will    +....        Y - amulet of Zawuos {Regen+ Str-4 Int+4 Stlth+}
Stlth   ++++         g - ring "Hozoarou" {rF- rN+ AC+4 Dex+5 Slay+2}
HPRegen 1.22/turn    W - ring of poison resistance
MPRegen 0.18/turn

%: no passive effects
@: corroded
A: reduced essence, permanent stasis, dig shafts and tunnels, antennae 3, four
strong arms
a: Dig, Shaft Self, Renounce Religion, Recall Ancestor, Ancestor Identity,
Transference, Idealise


You were on level 2 of the Spider Nest.
You worshipped Hepliaklqana.
Hepliaklqana was exalted by your worship.
You visited 4 branches of the dungeon, and saw 24 of its levels.
You also visited: Ice Cave and Volcano.

You collected 2357 gold pieces.
You spent 806 gold pieces at shops.

Inventory:

Hand Weapons
 a - a +4 arbalest of draining (weapon)
 b - a +5 double sword
 R - the +4 hand axe "Iruamel" {heavy, rF+ rN+}
   (You found it on level 5 of the Dungeon)

   rF:        It protects you from fire.
   rN:        It protects you from negative energy.
Missiles
 r - 3 silver boomerangs
Armour
 i - a +1 pair of boots (worn)
 C - a +0 kite shield of cold resistance (worn)
 H - +1 ice dragon scales (worn)
 X - the +3 pair of gauntlets of War (worn) {Slay+5}
   (You acquired it on level 5 of the Lair of Beasts)

   Slay:      It affects your accuracy & damage with ranged weapons and melee
   (+5).
Jewellery
 c - the ring "Ybiloqit" {rC+ Int+6}
   (You found it on level 4 of the Lair of Beasts)

   [ring of intelligence]

   Int:       It affects your intelligence (+6).
   rC:        It protects you from cold.
 g - the ring "Hozoarou" (left hand) {rF- rN+ AC+4 Dex+5 Slay+2}
   (You acquired it on level 5 of the Lair of Beasts)

   [ring of protection]

   AC:        It affects your AC (+4).
   Dex:       It affects your dexterity (+5).
   Slay:      It affects your accuracy & damage with ranged weapons and melee
   (+2).
   rF:        It makes you vulnerable to fire.
   rN:        It protects you from negative energy.
 o - a ring of fire
 B - a +6 ring of dexterity
 E - a +6 ring of strength
 P - a ring of positive energy
 V - a +6 ring of dexterity
 W - a ring of poison resistance (right hand)
 Y - the amulet of Zawuos (around neck) {Regen+ Str-4 Int+4 Stlth+}
   (You bought it in a shop on level 2 of the Orcish Mines)

   [amulet of regeneration]

   Str:       It affects your strength (-4).
   Int:       It affects your intelligence (+4).
   Regen:     It increases your rate of health regeneration.
   Stlth:     It makes you more stealthy.
 Z - a ring of flight
Wands
 l - a wand of mindburst (8)
 x - a wand of iceblast (5) (quivered)
 D - a wand of acid (3)
 F - a wand of paralysis (5)
 I - a wand of polymorph (8)
 Q - a wand of flame (9)
Scrolls
 f - 3 scrolls of fog
 h - 3 scrolls of enchant weapon
 k - a scroll of noise {unknown}
 p - 4 scrolls of identify
 q - 7 scrolls of poison
 u - 2 scrolls of enchant armour
 v - 3 scrolls of revelation
 w - 2 scrolls of summoning {unknown}
 y - 4 scrolls of fear
 A - 2 scrolls of vulnerability {unknown}
 G - 3 scrolls of torment {unknown}
 J - 2 scrolls of blinking {unknown}
 L - a scroll of silence {unknown}
 M - 2 scrolls of immolation {unknown}
Potions
 d - 5 potions of lignification
 e - 11 potions of curing
 j - a potion of brilliance {unknown}
 m - 3 potions of attraction {unknown}
 n - 4 potions of enlightenment {unknown}
 s - 3 potions of berserk rage {unknown}
 t - 5 potions of might
 z - 5 potions of cancellation
 N - 2 potions of haste {unknown}
 O - a potion of degeneration {unknown}
 S - 2 potions of magic {unknown}
 T - 3 potions of mutation {unknown}
Miscellaneous
 U - a phial of floods (inert)


   Skills:
 + Level 18.4 Fighting
 + Level 7.1 Long Blades
 - Level 18.0 Ranged Weapons
 - Level 10.0 Armour
 - Level 7.3 Dodging
 - Level 8.2 Stealth
 * Level 12.2 Shields
 - Level 7.0 Invocations
 - Level 3.4 Evocations


You had 16 spell levels left.
You didn't know any spells.
Your spell library contained the following spells:

 Spells                   Type           Power      Damage    Failure   Level
 Apportation              Tloc           0%         N/A       95%         1
 Beastly Appendage        Tmut           0%         N/A       95%         1
 Necrotise                Necr           0%         1d4       95%         1
 Sandblast                Erth           0%         2d4       95%         1
 Shock                    Conj/Air       0%         1d3       95%         1
 Summon Small Mammal      Summ           0%         N/A       95%         1
 Ensorcelled Hibernation  Hex/Ice        0%         N/A       98%         2
 Passwall                 Tmut/Erth      0%         N/A       98%         2
 Poisonous Vapours        Pois/Air       0%         N/A       98%         2
 Static Discharge         Conj/Air       0%         2-2/arc   98%         2
 Wereblood                Tmut           0%         N/A       98%         2
 Call Canine Familiar     Summ           0%         N/A       100%        3
 Hailstorm                Conj/Ice       0%         3d3       100%        3
 Inner Flame              Hex/Fire       0%         N/A       100%        3
 Mephitic Cloud           Conj/Pois/Air  0%         N/A       100%        3
 Spider Form              Tmut/Pois      0%         N/A       100%        3
 Stone Arrow              Conj/Erth      0%         3d7       100%        3
 Summon Guardian Golem    Hex/Summ       0%         N/A       100%        3
 Vampiric Draining        Necr           0%         2d6       100%        3
 Airstrike                Air            0%         2d(0-16)  100%        4
 Animate Dead             Necr           0%         N/A       100%        4
 Ice Form                 Ice/Tmut       0%         N/A       100%        4
 Petrify                  Tmut/Erth      0%         N/A       100%        4
 Summon Lightning Spire   Summ/Air       0%         N/A       100%        4
 Agony                    Necr           0%         N/A       100%        5
 Alistair's Intoxication  Tmut/Pois      0%         N/A       100%        5
 Borgnjor's Vile Clutch   Necr/Erth      0%         N/A       100%        5
 Fireball                 Conj/Fire      0%         3d3       100%        5
 Freezing Cloud           Conj/Ice/Air   0%         6-21      100%        5
 Iskenderun's Battlesphe  Conj           0%         2d6       100%        5
 Metabolic Englaciation   Hex/Ice        0%         N/A       100%        5
 Yara's Violent Unravell  Hex/Tmut       0%         3d3       100%        5
 Conjure Ball Lightning   Conj/Air       0%         3x3d6     100%        6
 Death Channel            Necr           0%         N/A       100%        6
 Simulacrum               Ice/Necr       0%         N/A       100%        6
 Statue Form              Tmut/Erth      0%         N/A       100%        6
 Enfeeble                 Hex            0%         N/A       100%        7
 Orb of Destruction       Conj           0%         9d5       100%        7
 Swiftness                Air            Unusable   N/A       N/A         3

Dungeon Overview and Level Annotations

Branches:
Dungeon (15/15)            Temple (0/1) D:5            Lair (5/5) D:10
  Swamp (0/4) Lair:2       Spider (2/4) Lair:2        Slime (0/5) Lair:5
    Orc (2/2) D:10            Elf (0/3) Orc:2        Vaults (0/5) D:13
 Depths (0/4) D:15          IceCv (visited)         Volcano (visited)

Altars:
Ashenzari
Cheibriados
Dithmenos
Gozag
Hepliaklqana
Qazlal
Sif Muna
Trog
Vehumet
Wu Jian
Yredelemnul
Jiyva

Shops:
Orc:1 ?   Orc:2 (!=[

Annotations:
D:4 1 runed translucent door, Crazy Yiuf


Innate Abilities, Weirdness & Mutations

Your life essence is reduced to manifest your ancestor. (-10% HP)
You cannot be hasted, slowed, berserked, paralysed or teleported.
You can dig through walls and to a lower floor.
You have a pair of large antennae on your head. (SInv)
Your four strong arms can wield two-handed weapons with a shield.


Message History

* * * LOW HITPOINT WARNING * * *
The wolf spider simulacrum freezes you. You resist.
* * * LOW HITPOINT WARNING * * *
You block the wolf spider simulacrum's attack.
The demonic crawler closely misses you. x2; The demonic crawler hits you!
* * * LOW HITPOINT WARNING * * *
The demonic crawler attacks as you move away!
You block the demonic crawler's attack. x2
The demonic crawler hits you but does no damage.
A torpor snail comes into view.
Unknown command.
You feel much better.
You block the wolf spider simulacrum's attack.
The wolf spider simulacrum bites you.
* * * LOW HITPOINT WARNING * * *
The wolf spider simulacrum freezes you. You resist.
* * * LOW HITPOINT WARNING * * *
The demonic crawler hits you!
* * * LOW HITPOINT WARNING * * *
You block the demonic crawler's attack. x2
The wolf spider simulacrum hits you.
* * * LOW HITPOINT WARNING * * *
The wolf spider simulacrum freezes you. You resist.
* * * LOW HITPOINT WARNING * * *
You block the wolf spider simulacrum's attack.
Aiming: Iceblast
Press: ? - help, Q - select action, (/) - cycle Shift-Dir - straight line, p - entropy weaver The mass of ice explodes!
The iceblast engulfs the demonic crawler!
The demonic crawler is lightly wounded.
You hear a faint skittering sound.
You block the demonic crawler's attack.
The demonic crawler hits you but does no damage. x2
The wolf spider simulacrum hits you.
* * * LOW HITPOINT WARNING * * *
The wolf spider simulacrum freezes you. You resist.
* * * LOW HITPOINT WARNING * * *
The wolf spider simulacrum closely misses you.
The demonic crawler closely misses you. The demonic crawler hits you!
You die...

#........^......### #
#####...###.......### ^#
#.#.#...§†.†..###.#<#.y#
(#...†.††##......#......#
......†...##....##..#...#
.^...†##...#.....^...w#.....
###...#........###....###..#
{#....###....{##.#....# ..
#.#.. #......#@..^#.. .
{#>#s. ##.##..#Zs###..# #
s.. ###...#~..# ..# ###
##..#...# #....### ###..#.#
#.....#)..# .#..{.##B<#
###.. #^..).§).°


You could see an entropy weaver (soul bound, fleeing), a spark wasp (fleeing), a
torpor snail, a demonic crawler and a wolf spider simulacrum.

Vanquished Creatures
  Jorgrun (Orc:1)
  2 ghost moths (Spider:1)
  A red draconian (Volcano)
  An ettin (D:15)
  2 fire dragons
  An ice dragon (Lair:5)
  6 hydras
  Fannar (D:11)
  2 entropy weavers (Spider:1)
  2 catoblepae
  Erolcha (D:10)
  3 vault guards (D:13)
  Erica (D:10)
  A radroach (Spider:1)
  6 boulder beetles
  7 centaur warriors
  3 demonic crawlers (Spider:1)
  5 death yaks (Lair:4)
  6 two-headed ogres
  3 tengu warriors (D:13)
  2 orc high priests (Orc:2)
  A deep elf knight (D:13)
  Amaemon (Lair:3)
  2 skysharks
  Sonja (D:11)
  2 pharaoh ants (Spider:1)
  2 deep trolls (D:15)
  2 orb spiders (Spider:2)
  2 steelbarb worms
  A lindwurm (Lair:4)
  5 orc knights
  3 deep elf pyromancers
  A wizard (D:13)
  13 ugly things
  A necromancer (D:15)
  7 orc sorcerers
  3 oklob plants (Lair:5)
  7 wolf spiders
  A moth of wrath (shapeshifter) (D:13)
  5 cyclopes
  A moth of wrath (Spider:1)
  7 manticores
  7 black mambas
  10 cane toads
  An orange demon (Lair:3)
  3 gargoyles
  A kobold demonologist (D:11)
  A torpor snail (Spider:1)
  4 rime drakes
  An unseen horror (D:13)
  5 komodo dragons
  2 efreet
  2 yaktaurs
  A freezing wraith (IceCv)
  5 trolls
  3 tengu conjurers
  A tyrant leech (Lair:2)
  A meliai (Spider:2)
  7 tarantellas
  2 polar bears (Lair:5)
  2 hornets (Lair:5)
  13 blink frogs
  A blink frog (shapeshifter) (D:11)
  15 jumping spiders
  2 shadows
  A vampire (D:11)
  14 wyverns
  8 wraiths
  7 culicivoras
  54 yaks
  2 steam dragons
  A basilisk (D:15)
  A death yak simulacrum (IceCv)
  26 redbacks
  10 vampire mosquitoes
  5 wargs
  An acid dragon (D:8)
  3 swamp worms
  18 water moccasins
  18 orc warriors
  An ice beast (D:5)
  2 sky beasts
  3 ogres
  3 wolves
  14 centaurs
  6 bullfrogs
  A scorpion (D:5)
  A cane toad simulacrum (IceCv)
  10 wights
  5 killer bees
  An elephant simulacrum (IceCv)
  2 howler monkeys (D:12)
  2 electric eels (Lair:3)
  2 jellies
  21 orc priests
  An iguana (D:5)
  34 orc wizards
  7 adders
  5 gnolls (D:4)
  A shadow imp (D:5)
  2 ufetubi
  2 worms
  3 dart slugs
  57 orcs
  8 ball pythons
  4 bats
  7 endoplasms
  10 giant cockroaches
  5 goblins
  7 hobgoblins
  A quokka (D:2)
  A frilled lizard (D:3)
  3 kobolds
  8 rats
624 creatures vanquished.

Vanquished Creatures (collateral kills)
  Rupert (Lair:4)
  An emperor scorpion (Spider:2)
  A ghost moth (Spider:1)
  Josephine (Orc:2)
  3 hydras
  A vault guard (D:13)
  A centaur warrior (D:15)
  An ogre mage (Volcano)
  A boulder beetle (Lair:4)
  2 two-headed ogres (Volcano)
  A death yak (Lair:4)
  Urug (D:11)
  A pharaoh ant (Spider:2)
  A deep elf pyromancer (D:11)
  4 ugly things (D:14)
  2 wolf spiders (Spider:2)
  A manticore (D:15)
  A guardian serpent (Lair:5)
  2 black mambas
  A gargoyle (D:13)
  7 cane toads
  An unseen horror (D:8)
  A rime drake (Lair:3)
  A komodo dragon (Lair:1)
  2 meliai (Spider:2)
  2 tarantellas (Spider:1)
  5 blink frogs
  A jumping spider (Spider:1)
  Sigmund (D:3)
  3 culicivoras (Spider:2)
  2 wyverns (Lair:5)
  3 yaks
  7 redbacks
  2 basilisks (Lair:3)
  2 wargs
  A swamp worm (Lair:1)
  An acid dragon (D:11)
  4 water moccasins
  An ice beast (D:6)
  11 orc warriors
  A black bear (D:8)
  2 sky beasts
  An ogre (Orc:1)
  A wolf (Lair:3)
  A centaur (D:11)
  3 bullfrogs
  A scorpion (D:6)
  4 wights
  An elephant simulacrum (IceCv)
  2 killer bees
  A howler monkey (D:5)
  A hound (D:6)
  A jelly (D:8)
  9 orc priests
  An iguana (D:5)
  6 orc wizards
  An adder (D:4)
  2 gnolls (D:4)
  22 orcs
147 creatures vanquished.

Vanquished Creatures (others)
  A polar bear (Lair:5)
  12 knights
13 creatures vanquished.

Grand Total: 784 creatures vanquished

Notes
Turn   | Place    | Note
-------+----------+-------------------------------------------
     0 | D:1      | rabbitsville the Formicid Hunter began the quest for the
                  | Orb.
     0 | D:1      | Reached XP level 1. HP: 16/16 MP: 1/1
   126 | D:1      | Reached XP level 2. HP: 23/23 MP: 2/2
   516 | D:1      | Found a faded altar of an unknown god.
   555 | D:1      | Reached XP level 3. HP: 28/28 MP: 3/3
  1084 | D:2      | Found a hazy altar of Hepliaklqana.
  1202 | D:2      | Became a worshipper of Hepliaklqana the Forgotten
  1243 | D:2      | Reached XP level 4. HP: 35/35 MP: 4/4
  1661 | D:3      | Noticed Sigmund
  1785 | D:3      | Reached XP level 5. HP: 41/41 MP: 5/5
  2201 | D:3      | Reached * piety under Hepliaklqana
  2265 | D:4      | Reached skill level 5 in Ranged Weapons
  2273 | D:4      | Reached XP level 6. HP: 43/43 MP: 6/6
  2316 | D:4      | Noticed an ogre
  2537 | D:4      | Found a runed translucent door.
  2538 | D:4      | Noticed Crazy Yiuf
  2897 | D:5      | Entered Level 5 of the Dungeon
  2906 | D:5      | Reached skill level 5 in Stealth
  2906 | D:5      | Reached XP level 7. HP: 49/49 MP: 7/7
  2999 | D:5      | Reached skill level 5 in Fighting
  3108 | D:5      | Identified the +4 hand axe "Iruamel" {heavy, rF+ rN+}
  3117 | D:5      | Found a staircase to the Ecumenical Temple.
  3514 | D:5      | Reached XP level 8. HP: 56/56 MP: 8/8
  3719 | D:6      | Reached ** piety under Hepliaklqana
  3720 | D:6      | Remembered your ancestor Rabi as a knight
  4042 | D:6      | Found a stormy altar of Qazlal.
  4414 | D:6      | Reached XP level 9. HP: 58/62 MP: 9/9
  4610 | D:6      | Found an ornate altar of the Wu Jian Council.
  4610 | D:6      | Found a basalt altar of Yredelemnul.
  4611 | D:6      | Found a snail-covered altar of Cheibriados.
  4612 | D:6      | Found a broken altar of Ashenzari.
  4612 | D:6      | Found a bloodstained altar of Trog.
  4614 | D:6      | Found a radiant altar of Vehumet.
  4617 | D:6      | Found an opulent altar of Gozag.
  5030 | D:7      | Reached *** piety under Hepliaklqana
  5690 | D:3      | Killed Sigmund
  5737 | D:3      | Found a shimmering blue altar of Sif Muna.
  6268 | D:8      | Reached XP level 10. HP: 72/72 MP: 10/10
  6312 | D:8      | Found a shadowy altar of Dithmenos.
  6478 | D:8      | Noticed a skeletal warrior
  6478 | D:8      | Noticed an efreet
  7024 | D:9      | Reached **** piety under Hepliaklqana
  7061 | D:9      | Reached skill level 10 in Ranged Weapons
  7081 | D:8      | Noticed an unseen horror
  7085 | D:8      | Killed an unseen horror
  7385 | D:10     | Entered Level 10 of the Dungeon
  7391 | D:10     | Noticed Erica
  7445 | D:10     | Noticed Erolcha
  7473 | D:10     | Noticed a gargoyle
  7540 | D:9      | Killed a gargoyle
  7577 | D:9      | You fall into a shaft and drop 1 floor!
  7672 | D:10     | Found a staircase to the Lair.
  7700 | D:10     | Reached skill level 5 in Dodging
  7721 | Lair:1   | Entered Level 1 of the Lair of Beasts
  7723 | Lair:1   | Noticed a catoblepas
  7738 | Lair:1   | Noticed a komodo dragon
  7837 | D:10     | Reached XP level 11. HP: 78/81 MP: 9/11
  7841 | D:10     | Reached skill level 10 in Fighting
  8060 | D:10     | Killed Erolcha
  8407 | D:10     | Killed Erica
  8668 | D:10     | Found a staircase to the Orcish Mines.
  8814 | Orc:1    | Entered Level 1 of the Orcish Mines
  8862 | Orc:1    | Noticed a cyclops
  8869 | Orc:1    | Killed a cyclops
  9063 | Orc:1    | Noticed Jorgrun
  9278 | D:10     | Reached skill level 1 in Armour
  9278 | D:10     | Reached XP level 12. HP: 66/90 MP: 9/12
  9901 | Lair:1   | Reached skill level 5 in Armour
 10667 | Lair:2   | Reached XP level 13. HP: 98/98 MP: 13/13
 10671 | Lair:2   | Found a hole to the Spider Nest.
 10785 | Lair:2   | Noticed an eight-headed hydra
 10785 | Lair:2   | Noticed a five-headed hydra
 10817 | Lair:2   | Reached ***** piety under Hepliaklqana
 11696 | Lair:3   | Noticed a six-headed hydra
 11704 | Lair:3   | Reached skill level 1 in Long Blades
 11709 | Lair:3   | Killed a six-headed hydra
 12088 | Lair:3   | Noticed Amaemon
 12103 | Lair:3   | Killed Amaemon
 12551 | Lair:4   | Noticed Rupert
 12566 | Lair:4   | Killed Rupert
 12632 | Lair:4   | Noticed an eight-headed hydra
 12637 | Lair:4   | Killed an eight-headed hydra
 12651 | Lair:4   | Identified the ring "Ybiloqit" {rC+ Int+6}
 12697 | Lair:4   | Found a dark tunnel.
 12711 | Volcano  | Entered a volcano
 12754 | Volcano  | Noticed an ogre mage
 12761 | Volcano  | Killed an ogre mage
 12764 | Volcano  | Found a burning altar of Makhleb.
 12767 | Volcano  | Noticed a red draconian
 12784 | Volcano  | Reached skill level 5 in Long Blades
 12817 | Volcano  | Reached XP level 14. HP: 108/108 MP: 14/14
 12859 | Volcano  | Killed a red draconian
 13773 | Lair:5   | Entered Level 5 of the Lair of Beasts
 13804 | Lair:5   | Reached skill level 15 in Fighting
 13811 | Lair:5   | Reached skill level 1 in Evocations
 14024 | Lair:5   | Reached skill level 15 in Ranged Weapons
 14084 | Lair:5   | Found a frozen archway.
 14112 | IceCv    | Entered an ice cave
 14305 | IceCv    | Found a transporter.
 14313 | IceCv    | Found a transporter.
 14810 | Lair:5   | Found a viscous altar of Jiyva.
 14810 | Lair:5   | Found a staircase to the Slime Pits.
 15340 | Lair:5   | Reached XP level 15. HP: 91/116 MP: 15/15
 15710 | Lair:5   | Identified 2 scrolls of acquirement
 15712 | Lair:5   | Acquired the +3 pair of gauntlets of War {Slay+5}
 15712 | Lair:5   | Found the +3 pair of gauntlets of War {Slay+5}
 15723 | Lair:5   | Acquired the ring "Hozoarou" {rF- rN+ AC+4 Dex+5 Slay+2}
 16491 | Lair:2   | Found a staircase to the Swamp.
 16704 | Orc:1    | Killed Jorgrun
 16713 | Orc:1    | Found Jazauhoo's Magic Scroll Shop.
 16798 | Orc:2    | Entered Level 2 of the Orcish Mines
 16803 | Orc:2    | Noticed Josephine
 16809 | Orc:2    | Killed Josephine
 16946 | Orc:2    | Reached skill level 1 in Invocations
 16963 | Orc:2    | Found a staircase to the Elven Halls.
 16982 | Orc:2    | Found Xyxzent's Jewellery Boutique.
 16982 | Orc:2    | Found Otyrynt's Weapon Shop.
 16993 | Orc:2    | Found Yles's Armour Boutique.
 16993 | Orc:2    | Found Zyrogeod's Distillery.
 17018 | Orc:2    | Bought a potion of curing for 33 gold pieces
 17020 | Orc:2    | Bought the amulet of Zawuos {Regen+ Str-4 Int+4 Stlth+} for
                  | 398 gold pieces
 17020 | Orc:2    | Bought a ring of flight for 175 gold pieces
 17748 | D:11     | Noticed Fannar
 17750 | D:11     | Killed Fannar
 17860 | D:11     | Noticed Sonja
 17862 | D:11     | Killed Sonja
 17907 | D:11     | Noticed Urug
 17911 | D:11     | Killed Urug
 18153 | D:11     | Reached skill level 5 in Invocations
 19354 | D:12     | Reached XP level 16. HP: 125/125 MP: 20/20
 19890 | D:13     | Found a gate to the Vaults.
 20137 | D:13     | Reached skill level 1 in Shields
 20350 | D:13     | Identified the staff of cold "Idemilut" {rC+ Str+3 Dex+3}
 20800 | D:14     | Reached skill level 5 in Shields
 21122 | D:14     | Reached ****** piety under Hepliaklqana
 21342 | D:15     | Entered Level 15 of the Dungeon
 21441 | D:15     | Found a staircase to the Depths.
 21568 | D:15     | Reached XP level 17. HP: 133/133 MP: 22/22
 22081 | Spider:1 | Entered Level 1 of the Spider Nest
 22354 | Spider:1 | Reached skill level 10 in Shields
 22592 | Orc:2    | Bought a ring of poison resistance for 200 gold pieces
 23173 | Spider:1 | Reached skill level 10 in Armour
 23508 | Spider:2 | Slain by a demonic crawler

Illustrated notes

Levels and vault maps discovered:
D:1:      dpeg_arrival_arbitrary_b, layout_basic,
          dreamdust_ecumenical_altar_statues, chequers_big_river,
          minmay_pentomino_t4
D:2:      layout_rooms, basic_altar
D:3:      layout_basic, mainiacjoe_overflow_alcove_1, uniq_sigmund
D:4:      layout_rooms, uniq_crazy_yiuf_cottage
D:5:      layout_loops_ring, minmay_temple_entry_gardened_gates
D:6:      layout_basic, grunt_temple_overflow_octagram, amcnicky_altar_gilded,
          hex_tiny
D:7:      layout_basic, nrook_mini_vaults, eino_small_chamber_without_monster
D:8:      minmay_bloctagon_deflated, layout_loops_corners,
          mainiacjoe_overflow_boulevard, serial_co_window_serial,
          co_window_corner_a, co_window_paths_a, co_window_corner_a,
          co_window_paths_a, co_window_corner_a, co_window_paths_b,
          co_window_paths_b, co_window_corner_b, co_window_broadway_b,
          co_window_2corner, co_window_unsneaky_path_e, co_window_cross_2,
          co_window_unsneaky_path_c, glass_columns_a, glass_columns_a,
          glass_columns_b
D:9:      layout_rooms, chequers_serial_rivers_micro_a
D:10:     layout_gridville, erik_lair_orcish_takeover, david_orc_2,
          chequers_serial_rivers_room_b, uniq_erolcha, uniq_erica
D:11:     wad_arrow_thing, layout_basic, minivault_11, uniq_sonja, uniq_fannar,
          uniq_urug
D:12:     layout_loops_ring
D:13:     layout_irregular_city, grunt_vaults_entry_fortified,
          minmay_hollow_rounded_squares
D:14:     layout_irregular_city
D:15:     hangedman_depths_entry_civil_slaughter, layout_basic,
          minmay_stone_trees_medium
Lair:1:   layout_concentric_octagons, grunt_megastairs_5
Lair:2:   layout_regular_city, palyth_hydra_swamp_entry, spider_nest_entry_webs
Lair:3:   layout_chaotic_city, uniq_amaemon
Lair:4:   layout_cave_pods, nicolae_volcano_entry_vermiform, minivault_27,
          grunt_megastairs_2, uniq_rupert
Lair:5:   hangedman_lair_tendril_chambers, layout_regular_city, slime_entry_1,
          portal_ice_cave_entry_animals_and_master, dpeg_oklob_1,
          lemuel_fruit_tree
Spider:1: layout_spider_delve, nicolae_spider_moth_buddies,
          hangedman_spider_tarantella_strand
Spider:2: layout_spider_delve, nicolae_spider_nooks_and_crannies, uniq_asterion,
          uniq_roxanne
Orc:1:    layout_caves, serial_shops, shop, uniq_jorgrun
Orc:2:    st_orc_mages, layout_caves, uniq_josephine

Skill      XL: |  1  2  3  4  5  6  7  8  9 10 11 12 13 14 15 16 17 |
---------------+----------------------------------------------------+-----
Stealth        | 2 3 4 5 7 8 |  8.2
Fighting       | 3 4 5 6 8 9 11 12 14 15 16 17 18 | 18.4
Ranged Weapons | 5 6 8 9 10 11 13 14 15 16 17 18 | 18.0
Dodging        | 3 5 7 |  7.3
Armour         | 1 6 7 8 9 10 | 10.0
Long Blades    | 5 6 7 |  7.1
Evocations     | 3 |  3.4
Invocations    | 5 7 |  7.0
Shields        | 7 12 | 12.2

Action                     |  1- 3 |  4- 6 |  7- 9 | 10-12 | 13-15 | 16-18 || total
---------------------------+-------+-------+-------+-------+-------+-------++-------
  Melee: Dagger            |     1 |     3 |       |       |       |       ||     4
         Punch             |     1 |       |       |       |       |       ||     1
         Double sword      |       |       |       |       |       |    23 ||    23
   Fire: Shortbow          |    85 |   188 |   316 |    24 |       |       ||   613
         Orcbow            |       |       |       |   203 |       |       ||   203
         Arbalest          |       |       |       |   187 |   736 |   420 ||  1343
  Throw: Boomerang         |       |       |       |     1 |       |       ||     1
 Invoke: Recall Ancestor   |       |       |     4 |     7 |     6 |       ||    17
         Ancestor Life: Kn |       |       |     1 |       |       |       ||     1
         Transference      |       |       |       |     4 |     9 |     5 ||    18
         Idealise          |       |       |       |       |       |     2 ||     2
Ability: Shaft Self        |       |       |       |     1 |       |       ||     1
         Dig               |       |       |       |       |     3 |       ||     3
  Evoke: Wand              |       |       |       |    21 |    16 |     4 ||    41
         Phial of floods   |       |       |       |       |       |     1 ||     1
    Use: Potion            |       |     1 |     2 |     4 |     2 |     3 ||    12
         Scroll            |       |       |     1 |     1 |    11 |     3 ||    16
 Armour: Leather armour    |     9 |    17 |     2 |       |       |       ||    28
         Acid dragon scale |       |       |       |    30 |    35 |       ||    65
         Ice dragon scales |       |       |       |       |    64 |    67 ||   131
  Dodge: Dodged            |    18 |    46 |    17 |    79 |   175 |    87 ||   422
  Block: Kite shield       |       |       |       |       |       |   144 ||   144

Table legend: (Time is in decaauts)
 A = Elapsed time spent in this place.
 B = Non-inter-level travel time spent in this place.
 C = Inter-level travel time spent in this place.
 D = Time resting spent in this place.
 E = Time spent auto-exploring this place.
 F = Levels seen in this place.
 G = Mean time per level.
                   A        B        C        D        E       F      G
               +--------+--------+--------+--------+--------+-----+--------+
         Total |  24044 |  21917 |   2127 |   1747 |  12103 |  26 |  924.8 |
       Dungeon |  13793 |  12474 |   1319 |    885 |   7280 |  15 |  919.5 |
          Lair |   7057 |   6431 |    626 |    677 |   3580 |   5 | 1411.4 |
   Spider Nest |   1230 |   1178 |     52 |      0 |    435 |   2 |  615.0 |
  Orcish Mines |   1380 |   1250 |    130 |      3 |    673 |   2 |  690.0 |
      Ice Cave |    241 |    241 |      0 |    155 |      1 |   1 |  241.0 |
       Volcano |    341 |    341 |      0 |     27 |    134 |   1 |  341.0 |
               +--------+--------+--------+--------+--------+-----+--------+

Top non-repeatable levels by time:
  Lair:1: 1833 daAuts
  Lair:5: 1705 daAuts
    D:10: 1494 daAuts
     D:8: 1458 daAuts
  Lair:4: 1197 daAuts
  Lair:2: 1188 daAuts
  Lair:3: 1132 daAuts
     D:1: 1093 daAuts
Spider:1: 1072 daAuts
    D:13: 1023 daAuts
     D:5: 1004 daAuts
    D:11: 976 daAuts
     D:6: 921 daAuts
     D:4: 867 daAuts
     D:7: 822 daAuts
